 Dungeon Sprint DCSS version 0.28-a0-1616-g050a50673c (webtiles) character file.

Game seed: 1888820592122959248

709 rocky1 the Fighter (level 7, -13/87 HPs)
             Began as an Ogre Fighter on Jan 23, 2022.
             Was a Priest of Okawaru.
             Mangled by a bog body (18 damage)
             ... in the Dungeon (Sprint VII: "The Pits").
             The game lasted 00:03:09 (1187 turns).

rocky1 the Fighter (Ogre Fighter)                   Turns: 1187, Time: 00:03:10

Health: -13/87     AC:  3    Str: 23    XL:     7   Next: 68%
Magic:  7/7        EV: 10    Int:  9    God:    Okawaru [***...]
Gold:   0          SH:  9    Dex:  8    Spells: 6/6 levels left

rFire   . . .      SeeInvis .   n - +4 war axe
rCold   . . .      Faith    .   c - +0 kite shield
rNeg    . . .      Spirit   .   b - +0 robe
rPois   .          Reflect  .   (helmet restricted)
rElec   .          Harm     .   (no cloak)
rCorr   .          Rampage  .   (gloves unavailable)
Will    .....      NoTele   +   (boots unavailable)
Stlth   +.........              (no amulet)
HPRegen 0.24/turn               (no ring)
MPRegen 0.10/turn               (no ring)

@: on berserk cooldown, slowed, very slow
A: large, unfitting armour, tough skin 1
a: Renounce Religion, Heroism


You were in the Dungeon.
You worshipped Okawaru.
Okawaru was most pleased with you.
You visited 1 branch

Inventory:

Hand Weapons
 n - a +4 war axe (weapon)
Armour
 b - a +0 robe (worn)
 c - a +0 kite shield (worn)
Scrolls
 j - a scroll of blinking
 l - 5 scrolls of amnesia
Potions
 d - a potion of might
 e - 5 potions of curing
 f - 4 potions of heal wounds
 g - a potion of haste
 h - 4 potions of magic
 i - a potion of berserk rage
 k - 2 potions of invisibility


   Skills:
 + Level 10.5 Fighting
 + Level 9.3 Axes
 + Level 8.2 Dodging
 + Level 0.2 Stealth
 + Level 7.5 Shields


You had 6 spell levels left.
You didn't know any spells.
Your spell library was empty.

Dungeon Overview and Level Annotations

Branches:
Dungeon (1/1)

Altars:
Ashenzari
Cheibriados
Dithmenos
Elyvilon
Fedhas
Gozag
Hepliaklqana
Kikubaaqudgha
Makhleb
Nemelex Xobeh
Okawaru
Qazlal
Ru
Sif Muna
Trog
Uskayaw
Vehumet
Wu Jian
Xom
Yredelemnul
Zin
The Shining One
Beogh
Jiyva
Lugonu


Innate Abilities, Weirdness & Mutations

You are too large for most types of armour.
You have tough skin. (AC +1)


Message History

You kill the killer bee!
Okawaru accepts your kill. The gnoll closely misses you.
The gnoll sergeant hits you from afar with a +0 spear!
* * * LOW HITPOINT WARNING * * *
The bog body points at you and mumbles some strange words.
You resist with significant effort. You block the gnoll's attack.
There is an open door here.
Items here: )) [[[ ÷.
You feel a strong urge to attack something.
Things that are here:
a +1 vorpal hand axe; a +0 war axe You are no longer berserk.
You are exhausted.
You feel yourself slow down.
You feel better. You block the gnoll sergeant's attack.
The gnoll sergeant hits you from afar with a +0 spear!
* * * LOW HITPOINT WARNING * * *
The bog body touches you but does no damage.
Things that are here:
a +1 vorpal hand axe; a +0 war axe Unknown command.
You feel much better. You block the gnoll sergeant's attack.
The bog body closely misses you. You block the gnoll sergeant's attack.
Unknown command.
You slice the bog body!!
The bog body is heavily damaged.
The bog body closely misses you.
The gnoll sergeant hits you from afar with a +0 spear.
The bog body touches you. The bog body freezes you!
* * * LOW HITPOINT WARNING * * *
You barely miss the bog body.
The bog body is heavily damaged.
The gnoll sergeant hits you from afar with a +0 spear.
* * * LOW HITPOINT WARNING * * *
The bog body touches you!
* * * LOW HITPOINT WARNING * * *
The bog body freezes you!!
You die...

#.#........##.......#
#.#........##.......#
#.#####'#####...<...#
#)#..[).)..##.......#
#.#..[)))..##.......#
#'###########.......#
#.......#..##########
#.......#.# ###
#...#...#@# ...#
#..###..#n#.g..#
#...#...#.ggg..+
#.......#÷#yy..#
#.......')#....#
########### ####


You could see a bog body, a gnoll sergeant and a killer bee.

Vanquished Creatures
  A floating eye (D)
  Pargi (D)
  A necrophage (D)
  2 centaurs (D)
  A killer bee (D)
  3 wights (D)
  A crimson imp (D)
  Crazy Yiuf (D)
  A hell rat (D)
  An adder (D)
  A river rat (D)
  An orc (D)
  A bat (D)
  2 endoplasms (D)
  A quokka (D)
  2 ball pythons (D)
  A frilled lizard (D)
  A rat (D)
23 creatures vanquished.

Notes
Turn   | Place    | Note
-------+----------+-------------------------------------------
     0 | D        | rocky1 the Ogre Fighter began the quest for the Orb.
     0 | D        | Reached XP level 1. HP: 24/24 MP: 1/1
    27 | D        | Found a bloodstained altar of Trog.
    27 | D        | Found a shimmering blue altar of Sif Muna.
    27 | D        | Found a viscous altar of Jiyva.
    27 | D        | Found a hazy altar of Hepliaklqana.
    27 | D        | Found an opulent altar of Gozag.
    28 | D        | Found a glowing golden altar of the Shining One.
    28 | D        | Found a glowing silver altar of Zin.
    28 | D        | Found a basalt altar of Yredelemnul.
    28 | D        | Found a shimmering altar of Xom.
    28 | D        | Found an ornate altar of the Wu Jian Council.
    28 | D        | Found a sacrificial altar of Ru.
    28 | D        | Found a stormy altar of Qazlal.
    28 | D        | Found an iron altar of Okawaru.
    28 | D        | Found a sparkling altar of Nemelex Xobeh.
    28 | D        | Found a burning altar of Makhleb.
    28 | D        | Found a blossoming altar of Fedhas.
    28 | D        | Found a white marble altar of Elyvilon.
    28 | D        | Found a shadowy altar of Dithmenos.
    28 | D        | Found a snail-covered altar of Cheibriados.
    31 | D        | Found a corrupted altar of Lugonu.
    31 | D        | Found a radiant altar of Vehumet.
    32 | D        | Found an ancient bone altar of Kikubaaqudgha.
    32 | D        | Found a hide-covered altar of Uskayaw.
    32 | D        | Found a broken altar of Ashenzari.
    38 | D        | Became a worshipper of Warmaster Okawaru
    83 | D        | Reached skill level 5 in Fighting
    83 | D        | Reached XP level 2. HP: 23/35 MP: 2/2
   340 | D        | Noticed a floating eye
   343 | D        | Paralysed by a floating eye for 4 turns
   349 | D        | Killed a floating eye
   349 | D        | Reached * piety under Okawaru
   350 | D        | Reached skill level 7 in Fighting
   350 | D        | Reached skill level 5 in Dodging
   350 | D        | Reached skill level 5 in Shields
   350 | D        | Reached XP level 3. HP: 46/46 MP: 3/3
   350 | D        | Reached XP level 4. HP: 55/55 MP: 4/4
   350 | D        | Reached XP level 5. HP: 62/62 MP: 5/5
   532 | D        | Noticed Crazy Yiuf
   533 | D        | Noticed a centaur
   542 | D        | Killed Crazy Yiuf
   543 | D        | Reached skill level 5 in Axes
   547 | D        | Killed a centaur
   547 | D        | Reached ** piety under Okawaru
   548 | D        | Reached skill level 8 in Fighting
   548 | D        | Reached XP level 6. HP: 42/72 MP: 6/6
   563 | D        | Noticed Pargi
   581 | D        | Killed Pargi
   582 | D        | Reached skill level 9 in Fighting
   785 | D        | Reached XP level 7. HP: 75/83 MP: 7/7
   868 | D        | Reached *** piety under Okawaru
   869 | D        | Reached skill level 10 in Fighting
  1169 | D        | Noticed a bog body
  1187 | D        | Mangled by a bog body

Illustrated notes

Levels and vault maps discovered:
D:        pitsprint [storerooms_1, entrance_room_1, metal_vault_3, armoury_1,
          mini_pit_1, grid_room_1, main_hall_1, silver_pit, the_coven_1,
          the_vestibule_1, steel_vault_2, golden_pit, hallway_of_sentries,
          crystal_vault_6, iron_vault_4, final_vault]

Skill      XL: |  1  2  3  4  5  6  7 |
---------------+----------------------+-----
Fighting       | 5 7 8 9 10 | 10.5
Dodging        | 3 5 6 7 8 |  8.2
Shields        | 3 5 6 7 |  7.5
Axes           | 4 6 7 9 |  9.3
Stealth        | |  0.2

Action                   |  1- 3 |  4- 6 |  7- 9 || total
-------------------------+-------+-------+-------++-------
Melee: War axe           |    29 |    11 |    11 ||    51
       Hand axe          |       |    36 |    34 ||    70
  Use: Potion            |       |     2 |     3 ||     5
Armor: Robe              |     5 |    15 |     5 ||    25
Dodge: Dodged            |     9 |    19 |    12 ||    40
Block: Kite shield       |    15 |    23 |    20 ||    58

Table legend: (Time is in decaauts)
 A = Elapsed time spent in this place.
 B = Non-inter-level travel time spent in this place.
 C = Inter-level travel time spent in this place.
 D = Time resting spent in this place.
 E = Time spent auto-exploring this place.
 F = Levels seen in this place.
 G = Mean time per level.
                   A        B        C        D        E       F      G
               +--------+--------+--------+--------+--------+-----+--------+
         Total |   1215 |   1215 |      0 |    867 |      0 |   1 | 1215.0 |
       Dungeon |   1215 |   1215 |      0 |    867 |      0 |   1 | 1215.0 |
               +--------+--------+--------+--------+--------+-----+--------+

Top non-repeatable levels by time:
       D: 1215 daAuts
